Map: [ESL] Gresvan

Players

DnS

  • Race: Protoss Protoss
  • Spawn Location: 5:00

ShaDoWn - Winner!

  • Race: Protoss Protoss
  • Spawn Location: 11:00

Event: ESL SC2 Masters 2023 Summer (Finals)

VOD

Have the link to the VOD?

Description

Time

  • Played on: June 16, 2023, 7:13 a.m.
  • Length: 13:27

All games in this series

Show
View Real Time Build Order
Export as new Build Order

DnS Protoss 

Build Orders:  

Get SALT Encoding   

  12  0:00  Probe  
  13  0:12  Probe  
  14  0:17  Pylon  
  14  0:24  Probe (Chrono Boost)  
  15  0:36  Probe (Chrono Boost)  
  15  0:37  Gateway  
  16  0:44  Probe (Chrono Boost)  
  16  0:46  Assimilator  
  17  0:51  Probe  
  17  0:54  Assimilator  
  18  1:03  Probe (Chrono Boost)  
  19  1:06  Gateway  
  20  1:12  Probe (Chrono Boost)  
  20  1:17  Probe (Chrono Boost)  
  20  1:24  Cybernetics Core  
  21  1:29  Probe  
  22  1:34  Pylon  
  22  1:41  Probe  
  23  1:59  Robotics Facility  
  23  2:02  Stalker  
  23  2:05  Stalker  
  23  2:08  Warp Gate  
  27  2:15  Pylon  
  27  2:32  Stalker  
  27  2:35  Stalker  
  31  2:46  Immortal (Chrono Boost)  
  35  3:02  Gateway  
  35  3:04  Sentry  
  36  3:20  Warp Prism (Chrono Boost)  
  38  3:34  Pylon  
  38  3:43  Shield Battery  
  38  3:52  Immortal  
  42  3:56  Sentry  
  44  4:05  Stalker  
  44  4:09  Adept  
  40  4:30  Probe  
  41  4:32  Observer  
  42  4:44  Probe  
  43  4:48  Pylon  
  43  4:57  Probe  
  44  5:21  Stalker  
  44  5:23  Probe  
  47  5:30  Observer  
  47  5:38  Pylon  
  45  5:56  Pylon  
  45  5:57  Sentry  
  45  5:58  Observer, Sentry  
  45  5:59  Sentry  
  51  6:06  Pylon  
  51  6:16  Probe  
  38  6:44  Probe (Chrono Boost)  
  35  6:56  Probe (Chrono Boost)  
  35  7:01  Twilight Council  
  36  7:03  Probe (Chrono Boost)  
  36  7:05  Stalker, Sentry  
  36  7:06  Stalker  
  41  7:19  Probe  
  42  7:31  Probe  
  41  7:44  Dark Shrine  
  41  8:02  Probe (Chrono Boost)  
  42  8:11  Pylon  
  42  8:14  Probe (Chrono Boost)  
  42  8:17  Observer  
  43  8:23  Probe (Chrono Boost)  
  43  8:25  Stalker  
  43  8:36  Probe  
  42  8:57  Dark Templar x2  
  42  9:02  Probe  
  46  9:12  Blink (Chrono Boost), Archon  
  46  9:22  Probe  
  47  9:34  Probe  
  48  9:54  Stalker x3  
  51  10:07  Probe  
  40  10:24  Sentry  
  40  10:25  Sentry  
  44  10:43  Dark Templar  
  44  10:48  Probe  
  47  11:16  Probe  
  48  11:28  Probe  
  49  11:37  Stalker x2  
  53  11:42  Stalker  
  53  12:06  Stalker x2  
  53  12:07  Sentry  
  49  12:35  Stalker, Sentry  
  53  12:37  Stalker  
  45  13:03  Stalker  
  47  13:05  Stalker  
  45  13:17  Sentry  
Show
View Real Time Build Order
Export as new Build Order

ShaDoWn Protoss - Winner!

Build Orders:  

Get SALT Encoding   

  12  0:00  Probe  
  13  0:12  Probe  
  14  0:17  Pylon  
  14  0:24  Probe  
  15  0:36  Gateway  
  15  0:37  Probe (Chrono Boost)  
  16  0:46  Probe (Chrono Boost), Assimilator  
  17  0:51  Probe (Chrono Boost)  
  17  0:54  Assimilator  
  18  1:03  Probe (Chrono Boost)  
  19  1:07  Gateway  
  19  1:13  Probe (Chrono Boost)  
  20  1:18  Probe (Chrono Boost)  
  20  1:23  Cybernetics Core  
  21  1:29  Probe  
  22  1:34  Pylon  
  22  1:42  Probe  
  23  1:59  Robotics Facility  
  23  2:00  Stalker  
  26  2:01  Warp Gate  
  26  2:06  Probe  
  26  2:12  Stalker  
  28  2:23  Pylon  
  28  2:30  Stalker  
  30  2:43  Immortal (Chrono Boost)  
  36  3:01  Stalker  
  36  3:12  Warp Prism (Chrono Boost)  
  36  3:19  Pylon  
  38  3:30  Shield Battery  
  38  3:41  Immortal  
  42  3:53  Adept x2  
  46  3:58  Pylon  
  46  4:18  Stalker x2  
  46  4:22  Observer  
  51  4:28  Pylon  
  51  4:32  Stargate  
  51  4:53  Stalker x2  
  51  4:56  Probe  
  52  5:08  Probe  
  53  5:17  Phoenix  
  55  5:30  Nexus  
  55  5:42  Observer  
  55  5:44  Pylon  
  55  6:02  Phoenix (Chrono Boost)  
  57  6:05  Adept, Shield Battery  
  57  6:06  Adept  
  58  6:21  Shield Battery  
  56  6:29  Pylon  
  50  6:43  Probe  
  46  6:55  Probe  
  46  7:00  Stalker x2  
  51  7:02  Robotics Facility  
  51  7:03  Twilight Council  
  51  7:07  Probe  
  52  7:24  Probe  
  52  7:26  Gateway  
  52  7:27  Observer  
  52  7:28  Pylon  
  53  7:30  Stalker x2  
  57  7:41  Blink (Chrono Boost)  
  57  7:54  Stalker x2  
  61  8:18  Observer  
  61  8:23  Stalker x2  
  61  8:44  Robotics Facility  
  61  8:50  Stalker x2  
  65  9:12  Observer  
  65  9:20  Stalker x2  
  69  9:33  Observer  
  69  9:37  Pylon  
  70  9:57  Stalker x2  
  74  10:03  Observer  
  74  10:19  Nexus, Observer  
  70  10:21  Probe  
  69  10:36  Probe  
  69  10:38  Stalker  
  72  10:51  Probe  
  72  10:55  Observer  
  73  11:03  Probe  
  74  11:05  Stalker  
  74  11:18  Probe  
  73  11:19  Observer (Chrono Boost)  
  72  11:30  Probe (Chrono Boost)  
  72  11:31  Probe (Chrono Boost)  
  74  11:42  Probe (Chrono Boost)  
  74  11:43  Probe (Chrono Boost)  
  76  11:48  Probe (Chrono Boost)  
  76  11:50  Probe (Chrono Boost)  
  76  11:58  Probe  
  76  12:01  Probe  
  76  12:05  Pylon  
  76  12:11  Observer  
  76  12:13  Stalker x2  
  75  12:25  Shield Battery  
  75  12:26  Probe  
  76  12:36  Immortal (Chrono Boost)  
  77  12:37  Stalker x2  
  77  12:42  Observer  
  84  12:45  Probe  
  85  12:58  Probe  
  86  12:59  Probe  
  86  13:00  Stalker  
  86  13:01  Stalker  
  91  13:10  Probe  
  91  13:25  Stalker x2  
Tags
 
Add a new tag
Caveats
  • Supply blocks, unpowered buildings, or Contaminate may cause inaccurate times.
  • Supply counts are checked every 10 seconds.